AoeStats
← Rex

Arena

509430246Analyzed
1v1 RM · 6d ago on Sep 26, 2026· 36m 43s· 2 players
Game mode
Random Map
Map size
Tiny (2 player)
Population
200
Speed
Normal
Resources
Standard
Victory
Conquest
Starting age
Dark Age
Ending age
Imperial Age
RankedLock teamsTeams togetherTeam positionsShared explorationLock speedFull tech treeHidden civsTurbo modeCheats
Victory
Defeat
🇫🇷 Vikings · France
643
+15
🇨🇳 Jurchens · China
621
-15
Rex
0:30 Loom
1:50 Loom
9:33 Feudal Age
10:43 Double-Bit Axe
11:40 Horse Collar
20:00 Castle Age
19:35 Fletching
19:48 Padded Archer Armor
21:27 Bow Saw
21:19 Heavy Plow
25:31 Stone Mining
25:36 Gold Mining
25:49 Bodkin Arrow
26:11 Leather Archer Armor
26:49 Pikeman
27:30 Squires
29:10 Gold Shaft Mining
29:11 Stone Shaft Mining
29:16 Forging
29:07 Scale Mail Armor
38:02 Imperial Age
URUK HAI
7:45 Loom
10:36 Feudal Age
11:44 Double-Bit Axe
11:54 Gold Mining
12:09 Horse Collar
16:26 Stone Mining
20:18 Castle Age
18:50 Forging
19:17 Man-at-Arms
20:32 Scale Mail Armor
21:28 Long Swordsman
22:18 Squires
24:21 Heavy Plow
25:37 Iron Casting
27:07 Gold Shaft Mining
27:29 Chain Mail Armor
30:36 Bow Saw
30:17 Arson
35:20 Imperial Age
32:39 Loom
35:34 Elite Berserk
36:05 Capped Ram
Connection lost

Rejoining the realm…

Still unreachable

The connection could not be restored.

Session expired

The server has moved on; the page needs a fresh start.